 Dungeon Crawl Stone Soup version 0.21.1-1-g345015f (webtiles) character file.

239 Fang the Skirmisher (level 6, -6/39 HPs)
             Began as a Gargoyle Berserker on May 22, 2018.
             Was a Believer of Trog.
             Mangled by a phantom (7 damage)
             ... on level 4 of the Dungeon.
             The game lasted 00:02:45 (3626 turns).

Fang the Skirmisher (Gargoyle Berserker)            Turns: 3626, Time: 00:02:45

Health: -6/39      AC:  4    Str: 23    XL:     6   Next: 7%
Magic:  6/6        EV: 12    Int:  7    God:    Trog [**....]
Gold:   278        SH:  0    Dex:  9    Spells: 5/5 levels left

rFire    . . .     SeeInvis .   a - +0 hand axe
rCold    . . .     Gourm    .   (no shield)
rNeg     + . .     Faith    .   j - +0 leather armour (curse)
rPois    ∞         Spirit   .   (no helmet)
rElec    +         Reflect  .   (no cloak)
rCorr    .         Harm     .   (no gloves)
MR       .....                  (no boots)
Stlth    +.........             (no amulet)
HPRegen  0.13/turn              d - -3 ring of protection (curse)
MPRegen  0.10/turn              m - +1 ring of slaying

@: berserk cooldown, slowed, very slow
A: negative energy resistance 1, electricity resistance, unbreathing,
petrification resistance, rot immunity, AC +4
a: Berserk, Trog's Hand, Burn Spellbooks, Renounce Religion


You were on level 4 of the Dungeon.
You worshipped Trog.
Trog was pleased with you.
You were hungry.

You visited 1 branch of the dungeon, and saw 4 of its levels.

You collected 278 gold pieces.

Inventory:

Hand Weapons
 a - a +0 hand axe (weapon)
Armour
 b - a +0 animal skin
 j - a cursed +0 leather armour (worn)
 l - a +2 leather armour of magic resistance
Jewellery
 d - a cursed -3 ring of protection (left hand)
 m - a +1 ring of slaying (right hand)
Wands
 e - a wand of flame (17)
Scrolls
 f - a scroll of teleportation
 i - 3 scrolls of identify
 k - a scroll of magic mapping
Potions
 g - 2 potions of lignification
 h - 2 potions of curing
Comestibles
 c - 3 rations


   Skills:
 + Level 4.5 Fighting
 + Level 4.2 Axes
 + Level 3.0 Armour
 + Level 2.5 Dodging
 + Level 1.8 Stealth


You had 5 spell levels left.
You didn't know any spells.

Dungeon Overview and Level Annotations

Branches:
Dungeon (4/15)
 Temple: D:4-7

Altars:
Wu Jian
Yredelemnul
Zin


Innate Abilities, Weirdness & Mutations

You are resistant to torment.
Your stone body is resilient. (AC +4)
You are immune to poison.
You resist negative energy. (rN+)
You are resistant to electric shocks. (rElec)
You can survive without breathing.
You are immune to petrification.
You are immune to rotting.


Message History

You are too injured to fight recklessly!
You are too injured to fight recklessly!
You are too injured to fight recklessly!
You are too injured to fight recklessly!
You are too injured to fight recklessly!
You are too injured to fight recklessly!
You are too injured to fight recklessly!
You closely miss the phantom.
The phantom is almost destroyed.
The phantom blinks!
A jackal comes into view.
The phantom closely misses you.
You closely miss the phantom.
The phantom is almost destroyed.
The phantom hits you!
* * * LOW HITPOINT WARNING * * *
You hit the phantom.
The phantom is almost destroyed.
The phantom hits you!
You die...

##.###.#.## .#
#.###.######.#
#.#
##.......####
##
#.###.†?....#
#.# #†#####.#
#.# #.# ## #.#
#W# #@# ###


You could see a phantom.

Vanquished Creatures
  The ghost of Fattybiggles the Shield-Bearer, an amateur GrFi (D:3)
  A centaur zombie (D:2)
  A hound (D:4)
  A worker ant (D:4)
  3 adders
  An ooze (D:1)
  An adder skeleton (D:4)
  A dart slug (D:2)
  3 leopard geckos
  2 ball pythons
  2 bats (D:2)
  2 giant cockroaches (D:1)
  5 goblins
  5 hobgoblins
  A quokka (D:3)
  2 frilled lizards (D:1)
  8 kobolds
  2 rats
42 creatures vanquished.

Notes
Turn   | Place    | Note
-------+----------+-------------------------------------------
     0 | D:1      | Fang the Gargoyle Berserker began the quest for the Orb.
     0 | D:1      | Reached XP level 1. HP: 14/14 MP: 1/1
   621 | D:1      | Reached XP level 2. HP: 15/19 MP: 2/2
   963 | D:1      | Reached XP level 3. HP: 19/24 MP: 3/3
  1584 | D:2      | Found a basalt altar of Yredelemnul.
  1584 | D:2      | Found an ornate altar of the Wu Jian Council.
  1587 | D:2      | Found a glowing silver altar of Zin.
  2185 | D:2      | Reached skill level 1 in Stealth
  2185 | D:2      | Reached XP level 4. HP: 12/29 MP: 4/4
  2875 | D:3      | Reached ** piety under Trog
  3142 | D:3      | Noticed Fattybiggles's ghost (amateur GrFi)
  3155 | D:3      | Killed Fattybiggles's ghost
  3155 | D:3      | Reached XP level 5. HP: 20/34 MP: 5/5
  3598 | D:4      | Noticed a phantom
  3604 | D:4      | Reached XP level 6. HP: 39/39 MP: 6/6
  3625 | D:4      | HP: 1/39 [phantom (8)]
  3626 | D:4      | Mangled by a phantom

Skill      XL: |  1  2  3  4  5 |
---------------+----------------+-----
Axes           | 3 4 |  4.2
Fighting       | 4 |  4.5
Dodging        | 2 |  2.5
Stealth        | 1 |  1.8
Armour         | 3 |  3.0

Action                   |  1- 3 |  4- 6 || total
-------------------------+-------+-------++-------
Melee: Hand axe          |   118 |    61 ||   179
Invok: Berserk           |     1 |     2 ||     3
  Use: Scroll            |       |     6 ||     6
 Stab: Sleeping          |     1 |     2 ||     3
  Eat: Chunk             |     2 |     2 ||     4
       Ration            |     1 |     1 ||     2
Armor: Animal skin       |     7 |       ||     7
       Leather armour    |    22 |     6 ||    28
Dodge: Dodged            |    69 |    44 ||   113
